[Event "Turkish-ch Youth U16 2024"]
[Site "Belek Antalya"]
[Date "2024.01.25"]
[Round "7"]
[White "Erten, Kerem"]
[Black "Manas, Eren"]
[Result "1-0"]
[ECO "B31"]
[WhiteElo "2231"]
[BlackElo "1762"]
[Annotator "NA RC"]
[PlyCount "64"]
[EventDate "2024.01.21"]
[EventType "swiss"]
[EventCountry "TUR"]
[SourceTitle "playchess.com"]
[Source "ChessBase"]
[SourceQuality "1"]
[TimeControl "5400+30"]

1. e4 c5 2. Nf3 Nc6 3. Bb5 g6 4. Bxc6 dxc6 5. d3 Bg7 6. h3 Nf6 7. Nc3 O-O 8. Be3 b6 9. Qd2 Re8 10. O-O e5 11. Bh6 Nh5 12. Ne2 Qf6 13. Be3 a5 14. a4 Rb8 15. Nh2 Qe7 16. f4 (16. Bh6 $11 {remains equal.}) 16... exf4 (16... f5 $1 $15 17. fxe5 fxe4) 17. Nxf4 Nf6 ({Viel schwächer wäre} 17... Bxb2 $6 18. Rab1 Bg7 19. Nxh5 gxh5 20. Nf3 $16) 18. Rae1 Ba6 $11 19. b3 Rbd8 20. Qf2 h6 21. Nf3 Nd7 22. Ne2 Rc8 23. Bf4 f6 24. Bd2 Ne5 25. Nh4 Kh7 26. Qg3 Qf7 27. Bc3 Rc7 28. Rf2 Ree7 29. Ref1 Qe8 30. Rxf6 Bxf6 31. Rxf6 Bc8 32. Bxe5 Rxe5 1-0

[Event "Turkish-ch Youth U16 2024"]
[Site "Belek Antalya"]
[Date "2024.01.25"]
[Round "7"]
[White "Tirpan, Ceren"]
[Black "Yildiz, Elif Zeren"]
[Result "1/2-1/2"]
[ECO "B90"]
[WhiteElo "2025"]
[BlackElo "1767"]
[Annotator "NA RC"]
[PlyCount "118"]
[EventDate "2024.01.21"]
[EventType "swiss"]
[EventCountry "TUR"]
[SourceTitle "playchess.com"]
[Source "ChessBase"]
[SourceQuality "1"]
[TimeControl "5400+30"]

1. e4 c5 2. Nf3 d6 3. d4 cxd4 4. Nxd4 Nf6 5. Nc3 a6 6. a3 e6 7. Be3 Be7 8. Be2 Qc7 9. O-O Nbd7 10. f3 Ne5 11. Bf2 O-O 12. a4 b6 13. Nb3 Ned7 14. Qd2 $11 Bb7 15. Rfd1 Rfd8 16. Qf4 Rac8 17. Rd2 Qb8 18. Rad1 Qa8 19. g4 h6 20. h4 Nh7 21. Qe3 Nc5 22. Nd4 Nf8 23. Bf1 Ng6 24. Qe1 Bf6 25. Bg3 Be5 26. h5 Ne7 27. Nde2 Bxg3 28. Qxg3 d5 29. b4 Nd7 30. Qd6 Nf6 31. Qxb6 Qb8 32. b5 axb5 33. Nxb5 Rc6 34. Qe3 e5 35. exd5 Nexd5 36. Qb3 Rdc8 37. Rxd5 Nxd5 38. Rxd5 Rf6 39. Rd3 e4 40. fxe4 Bxe4 41. Rc3 Rd8 42. Nbd4 Qa7 43. Re3 Rxd4 44. Nxd4 Qxd4 45. Qc3 Qxa4 46. Rxe4 Rxf1+ 47. Kxf1 Qxe4 48. Qc8+ Kh7 49. Qf5+ Qxf5+ 50. gxf5 Kg8 51. Kf2 Kf8 52. Ke3 Ke7 53. Ke4 g5 54. fxg6 fxg6 55. hxg6 Kf6 56. c4 Kxg6 57. Ke5 h5 58. c5 Kf7 59. c6 Ke7 1/2-1/2

[Event "Turkish-ch Youth U16 2024"]
[Site "Belek Antalya"]
[Date "2024.01.25"]
[Round "7"]
[White "Gungor, Cihan Akif"]
[Black "Ceyhan, Mert"]
[Result "1-0"]
[ECO "B75"]
[WhiteElo "1862"]
[BlackElo "2020"]
[Annotator "NA RC"]
[PlyCount "104"]
[EventDate "2024.01.21"]
[EventType "swiss"]
[EventCountry "TUR"]
[SourceTitle "playchess.com"]
[Source "ChessBase"]
[SourceQuality "1"]
[TimeControl "5400+30"]

1. e4 c5 2. Nf3 d6 3. d4 cxd4 4. Nxd4 Nf6 5. Nc3 g6 6. Be3 Bg7 7. f3 a6 8. Qd2 h5 9. a4 Qc7 10. Be2 Nbd7 11. Nb3 Ne5 12. a5 Be6 13. Nd4 Bc4 14. f4 (14. b3 $14 Bxe2 15. Ndxe2) 14... Neg4 15. Bxc4 Qxc4 16. Ra4 Qc7 $11 17. h3 Nxe3 18. Qxe3 e5 19. Nde2 Rc8 20. O-O Qc5 21. Qxc5 Rxc5 22. Rb4 Rxa5 23. Rxb7 O-O 24. f5 gxf5 25. Rxf5 d5 26. exd5 Nxd5 27. Rxh5 Nxc3 28. Nxc3 f6 29. Rf5 Rf7 30. Rb6 Ra1+ 31. Rf1 Rxf1+ 32. Kxf1 f5 33. Rxa6 Rb7 34. b3 Kf7 35. Nd5 e4 36. g4 fxg4 37. hxg4 Bd4 38. Ke2 Rb5 39. Rd6 Ra5 40. Ne3 Bc3 41. Rc6 Bf6 42. Rc4 Re5 43. Nf5 Kg6 44. Ng3 Kg5 45. Rxe4 Ra5 46. Nf5 Rc5 47. Ne3 Kh4 48. Rc4 Re5 49. Kf3 Bg5 50. Re4 Ra5 51. Nf5+ Kh3 52. Re1 Kh2 1-0

[Event "Turkish-ch Youth U16 2024"]
[Site "Belek Antalya"]
[Date "2024.01.25"]
[Round "7"]
[White "Hasirci, Ozgur Deniz"]
[Black "Cakir, Mert"]
[Result "0-1"]
[ECO "B24"]
[WhiteElo "1798"]
[BlackElo "1581"]
[Annotator "NA RC COMBH"]
[PlyCount "124"]
[EventDate "2024.01.21"]
[EventType "swiss"]
[EventCountry "TUR"]
[SourceTitle "playchess.com"]
[Source "ChessBase"]
[SourceQuality "1"]
[TimeControl "5400+30"]

1. e4 c5 2. Nf3 e6 3. g3 Nc6 4. Bg2 Nf6 5. Nc3 d5 6. exd5 exd5 7. d4 cxd4 8. Nxd4 Bg4 9. Qd3 Bc5 10. Nxc6 bxc6 11. O-O O-O 12. Na4 Be7 13. Be3 Re8 14. Nc5 Bxc5 15. Bxc5 Be2 16. Qf5 g6 17. Qf4 Bxf1 18. Rxf1 Ne4 19. Bd4 c5 20. Be3 Qf6 21. Qxf6 Nxf6 22. Bxc5 Rac8 23. Bxa7 Rxc2 24. Rd1 Ra8 25. Bd4 Ne4 26. a3 Rac8 27. Bxe4 dxe4 28. Bc3 Kf8 29. Rd4 Re8 30. Rd2 Rxd2 31. Bxd2 Ke7 32. Kf1 Kd6 33. Ke2 Kd5 34. a4 f5 35. a5 Rb8 36. Bc3 g5 37. Ke3 Rf8 38. f4 g4 39. Bd4 Ra8 40. Bc3 Kc4 41. Kf2 Ra6 42. Ke3 Rd6 43. Ke2 Rd3 44. Be1 Rd6 45. Bc3 Rc6 46. Be1 Rh6 47. Bf2 Kb3 48. Bd4 Rxh2+ 49. Ke3 Rh6 50. Bc3 Kc4 51. Be1 Rd6 52. Ke2 Kb5 53. b4 Rd3 54. Kf2 Rf3+ 55. Ke2 h5 56. Kd1 h4 57. gxh4 g3 58. Ke2 g2 59. Bf2 Rxf4 60. Be3 Rxh4 61. Kf2 f4 62. Bc5 f3 0-1

[Event "Turkish-ch Youth U16 2024"]
[Site "Belek Antalya"]
[Date "2024.01.25"]
[Round "7"]
[White "Surucu, Efe Mustafa"]
[Black "Topuz, Mirac Melih"]
[Result "0-1"]
[ECO "B22"]
[WhiteElo "1650"]
[BlackElo "2154"]
[Annotator "RC"]
[PlyCount "62"]
[EventDate "2024.01.21"]
[EventType "swiss"]
[EventCountry "TUR"]
[SourceTitle "playchess.com"]
[Source "ChessBase"]
[SourceQuality "1"]
[TimeControl "5400+30"]

1. e4 c5 2. c3 Nf6 3. e5 Nd5 4. Nf3 Nc6 5. d4 cxd4 6. cxd4 d6 7. Bc4 Nb6 8. Bb3 e6 9. O-O Be7 10. Qe2 O-O 11. Nc3 d5 12. Bc2 f5 13. exf6 Bxf6 14. a3 Qe8 15. Bf4 Qh5 16. Bg3 Bd7 17. Nb5 e5 18. dxe5 Nxe5 19. Bxe5 Rae8 20. Nd6 Bxe5 21. Nxe8 Bxh2+ 22. Kh1 Bb8+ 23. Kg1 Rxf3 24. Bxh7+ Kxh7 25. Nf6+ gxf6 26. Qe7+ Kg6 27. g3 Bxg3 28. fxg3 Rxg3+ 29. Kf2 Rf3+ 30. Ke1 Rxf1+ 31. Kxf1 Qh1+ 0-1

[Event "Turkish-ch Youth U16 2024"]
[Site "Belek Antalya"]
[Date "2024.01.25"]
[Round "7"]
[White "Tutmaz, Bugra Hamza"]
[Black "Yildiz, Serdar Murat"]
[Result "1-0"]
[ECO "B67"]
[WhiteElo "1531"]
[BlackElo "2055"]
[Annotator "NA"]
[PlyCount "279"]
[EventDate "2024.01.21"]
[EventType "swiss"]
[EventCountry "TUR"]
[SourceTitle "playchess.com"]
[Source "ChessBase"]
[SourceQuality "1"]
[TimeControl "5400+30"]

1. e4 c5 2. Nf3 d6 3. d4 cxd4 4. Nxd4 Nf6 5. Nc3 Nc6 6. Bg5 e6 7. Qd2 a6 8. O-O-O Bd7 9. f4 b5 10. Bxf6 gxf6 11. Kb1 Qb6 12. Nxc6 Bxc6 13. Qe1 O-O-O {[%emt 0:00:00] B67: Sicilian: Richter-Rauzer: 7...a6 8 0-0-0 Bd7, lines without 9 f4 Be7.} 14. Bd3 b4 15. Ne2 d5 16. Ng3 Bc5 17. Qe2 Kb8 18. exd5 Bxd5 19. Be4 Bb7 20. Bxb7 Qxb7 21. Ne4 Be7 {[%emt 0:00:30] [#]} 22. f5 $1 Qc6 23. g4 Rhe8 $14 (23... exf5 $11 {might be stronger.} 24. gxf5 Rhe8) 24. fxe6 fxe6 25. Rhf1 Rf8 26. Rxd8+ Bxd8 27. Ng5 e5 28. Nxh7 Rh8 29. Ng5 Be7 30. Ne4 Rd8 31. Ng3 a5 32. Nf5 Bc5 33. h4 a4 34. g5 fxg5 35. Qxe5+ Ka8 36. hxg5 Re8 37. Qg3 Re2 38. Qd3 Rg2 39. Nh4 Rg4 40. Nf3 Rg3 41. g6 a3 42. Ne5 Rxd3 43. Nxc6 Rg3 44. bxa3 bxa3 45. Ne5 Bd4 46. g7 Kb7 47. Nc4 Bc5 48. Rf7+ Kc6 49. Kc1 Kd5 50. Nd2 Rg1+ 51. Nf1 Ke6 52. Rf3 Rxg7 53. Kd2 Kd5 54. Rd3+ Ke4 55. Ng3+ Ke5 56. Ne2 Rg2 57. Rh3 Rf2 58. Rh5+ Kd6 59. Rh1 Kc6 60. Rb1 Rh2 61. Rb3 Kd5 62. Rg3 Kc4 63. Rg4+ Kb5 64. Kd3 Rh3+ 65. Rg3 Rh1 66. Nd4+ Kb4 67. c3+ Ka4 68. Nb3 Be7 69. Rg7 Re1 70. Kc4 Re4+ 71. Nd4 Re5 72. Kd3 Bc5 73. Kc4 Bb6 74. Rg8 Rc5+ 75. Kd3 Ba5 76. c4 Rh5 77. Ra8 Rh3+ 78. Ke4 Rh4+ 79. Kd5 Rh5+ 80. Kd6 Rh6+ 81. Ne6 Rh2 82. Nd4 Rh6+ 83. Kd7 Rh7+ 84. Kd6 Rh6+ 85. Kd5 Rh5+ 86. Ke4 Rh4+ 87. Kd3 Rh3+ 88. Kc2 Rc3+ 89. Kb1 Rxc4 90. Nb3 Rh4 91. Rxa5+ Kb4 92. Rd5 Kc3 93. Rd1 Rh2 94. Rc1+ Kb4 95. Nd4 Rb2+ 96. Ka1 Rh2 97. Nc2+ Ka4 98. Kb1 Rh3 99. Rg1 Rh4 100. Kc1 Rh3 101. Rg4+ Ka5 102. Re4 Rh1+ 103. Kd2 Rb1 104. Re3 Rh1 105. Rxa3+ Kb5 106. Rb3+ Ka5 107. Kc3 Rh3+ 108. Kb2 Rh2 109. Rb8 Rh3 110. Ra8+ Kb5 111. Rg8 Ka4 112. Rg4+ Ka5 113. Re4 Rg3 114. Re3 Rg8 115. Re5+ Ka4 116. Re4+ Ka5 117. Kb3 Rg1 118. Re5+ Kb6 119. Re1 Rg3+ 120. Re3 Rg1 121. Nb4 Rg4 122. a4 Rg5 123. Re6+ Kb7 124. Re4 Kb6 125. Nd3 Rg3 126. Rd4 Rg1 127. Nb2 Rg2 128. Rf4 Rg1 129. Kb4 Rb1 130. Rf6+ Ka7 131. Kc3 Ra1 132. Rd6 Rh1 133. Nc4 Rh4 134. Kb4 Rh1 135. Na3 Rh4+ 136. Ka5 Rh5+ 137. Nb5+ Kb7 138. Rb6+ Ka8 139. Ka6 Rxb5 140. Kxb5 1-0

[Event "Turkish-ch Youth U16 2024"]
[Site "Belek Antalya"]
[Date "2024.01.25"]
[Round "7"]
[White "Ercan, Hilal"]
[Black "Mutlu, Ezgi"]
[Result "1-0"]
[ECO "A43"]
[WhiteElo "1471"]
[BlackElo "1556"]
[Annotator "NA RC COMBH"]
[PlyCount "107"]
[EventDate "2024.01.21"]
[EventType "swiss"]
[EventCountry "TUR"]
[SourceTitle "playchess.com"]
[Source "ChessBase"]
[SourceQuality "1"]
[TimeControl "5400+30"]

1. d4 c5 2. d5 e6 3. e4 Nf6 4. Nc3 d6 5. Be2 Be7 6. a4 O-O 7. a5 a6 8. Nf3 b5 9. axb6 Qxb6 10. O-O exd5 11. exd5 Nbd7 12. h3 Bb7 13. Re1 Rfe8 14. Na4 Qc7 15. c4 Bf8 16. Qc2 g6 17. Bf4 Bg7 18. Nc3 h6 19. Bd3 Rad8 20. Kh1 Bc8 21. Rad1 Nf8 22. Nd2 g5 23. Bh2 N6d7 24. Nf3 Nf6 25. Ne4 Nxe4 26. Bxe4 Qd7 27. g4 Qb7 28. Rd2 Qc7 29. Rde2 Kh8 30. Bd3 Bd7 31. Nd2 Qb8 32. b3 Rxe2 33. Rxe2 Re8 34. Rxe8 Qxe8 35. Bxd6 Qe1+ 36. Kg2 h5 37. Nf3 Qe8 38. Bf5 hxg4 39. hxg4 Ng6 40. Bxg6 fxg6 41. Nxg5 Bxg4 42. Qe4 Qxe4+ 43. Nxe4 Bd1 44. Nxc5 a5 45. Bc7 Bd4 46. Nb7 a4 47. bxa4 Bxa4 48. c5 Bb3 49. d6 Bd5+ 50. f3 Kg8 51. d7 Bf6 52. Bd8 Be5 53. Be7 Bc7 54. Bd6 1-0

[Event "Turkish-ch Youth U16 2024"]
[Site "Belek Antalya"]
[Date "2024.01.25"]
[Round "7"]
[White "Ulus, Ekin"]
[Black "Engel, Ecrin Tuana"]
[Result "1/2-1/2"]
[ECO "A03"]
[WhiteElo "1452"]
[BlackElo "1377"]
[Annotator "NA RC COMBH"]
[PlyCount "129"]
[EventDate "2024.01.21"]
[EventType "swiss"]
[EventCountry "TUR"]
[SourceTitle "playchess.com"]
[Source "ChessBase"]
[SourceQuality "1"]
[TimeControl "5400+30"]

1. f4 d5 2. Nf3 g6 3. g3 Bg7 4. Bg2 a5 5. O-O a4 6. a3 Nf6 7. d3 d4 8. Nbd2 O-O 9. Nc4 Nc6 10. e4 dxe3 11. Nxe3 Ng4 12. Nxg4 Bxg4 13. Qe1 Nd4 14. Nxd4 Bxd4+ 15. Kh1 c6 16. Qb4 Qd7 17. Re1 Rfe8 18. Be3 Bg7 19. Bc5 e5 20. fxe5 Rxe5 21. Rxe5 Bxe5 22. Re1 Bf6 23. Qf4 Qf5 24. Qxf5 Bxf5 25. Kg1 Kg7 26. Bf1 Ra5 27. Bb4 Re5 28. Rxe5 Bxe5 29. c3 b5 30. d4 Bf6 31. Bd6 Bg5 32. Bf4 Bxf4 33. gxf4 Be6 34. Kf2 Kf6 35. Ke3 Bd5 36. Bd3 h6 37. Kf2 Kg7 38. Kg3 f5 39. h4 Kf6 40. Kf2 Be4 41. Be2 Bd5 42. Ke3 g5 43. hxg5+ hxg5 44. fxg5+ Kxg5 45. Bd1 f4+ 46. Kf2 Kf5 47. Bh5 Kf6 48. Be2 Ke6 49. Bg4+ Kd6 50. Be2 Ke6 51. Bd3 Kf6 52. Bc2 Kg5 53. Bd3 Kg4 54. Bg6 f3 55. Bc2 Kf4 56. Bd3 Bc4 57. Bc2 Bd5 58. Bd3 Be4 59. Bf1 Bd5 60. Bd3 Be6 61. Bc2 Bc4 62. Bd1 Bd5 63. Bc2 Be4 64. Bd1 Bd5 65. Bc2 1/2-1/2

[Event "Turkish-ch Youth U16 2024"]
[Site "Belek Antalya"]
[Date "2024.01.25"]
[Round "7"]
[White "Eren, Ecrin"]
[Black "Karadas, Hena"]
[Result "0-1"]
[ECO "D37"]
[WhiteElo "1021"]
[BlackElo "1631"]
[Annotator "NA RC COMBH"]
[PlyCount "76"]
[EventDate "2024.01.21"]
[EventType "swiss"]
[EventCountry "TUR"]
[SourceTitle "playchess.com"]
[Source "ChessBase"]
[SourceQuality "1"]
[TimeControl "5400+30"]

1. d4 d5 2. c4 e6 3. Nf3 Nf6 4. e3 Nbd7 5. Nc3 a6 6. Bd3 dxc4 7. Bxc4 b5 8. Bf1 Bb7 9. g3 Bd6 10. Bg2 c5 11. O-O O-O 12. Qe2 Qc7 13. Rd1 b4 14. Na4 c4 15. Ne1 Bxg2 16. Nxg2 Qa5 17. e4 Qxa4 18. e5 Nxe5 19. dxe5 Bxe5 20. Bg5 Qb5 21. f4 Qc5+ 22. Qe3 Qxe3+ 23. Nxe3 Bxb2 24. Rab1 c3 25. Bxf6 gxf6 26. Re1 Rac8 27. Re2 Rfd8 28. Rc2 a5 29. Rd1 a4 30. Rb1 b3 31. axb3 axb3 32. Rcxb2 cxb2 33. Rxb2 Rd3 34. Kf2 Rcc3 35. Ng4 Rc2+ 36. Rxc2 bxc2 37. Nxf6+ Kh8 38. Ke2 Rd1 0-1

[Event "Turkish-ch Youth U16 2024"]
[Site "Belek Antalya"]
[Date "2024.01.26"]
[Round "8"]
[White "Topuz, Mirac Melih"]
[Black "Erten, Kerem"]
[Result "0-1"]
[ECO "A38"]
[WhiteElo "2154"]
[BlackElo "2231"]
[Annotator "TA"]
[PlyCount "76"]
[EventDate "2024.01.21"]
[EventType "swiss"]
[EventCountry "TUR"]
[SourceTitle "playchess.com"]
[Source "ChessBase"]
[SourceQuality "1"]
[TimeControl "5400+30"]

1. Nf3 Nf6 2. g3 g6 3. b3 Bg7 4. Bb2 O-O 5. Bg2 c5 6. c4 Nc6 7. O-O d6 8. Nc3 Bd7 9. Nd5 Nxd5 (9... e5 {simplifies} 10. Nc3 Rb8 11. d3 a6) 10. Bxg7 $1 Ne3 11. fxe3 Kxg7 12. Qc2 f6 13. Rad1 Qa5 14. Qb2 Rad8 15. d4 Bg4 16. h3 Bc8 17. Kh2 e5 18. a3 Qc7 19. b4 b6 20. Nd2 (20. d5 $11 {keeps the balance.} Ne7 21. Qc3) 20... cxd4 21. b5 Ne7 $1 22. exd4 Nf5 23. dxe5 dxe5 24. Qc3 {[%emt 0:03:30] Inhibits Ne3.} Be6 25. Rc1 Qc5 ({Better is} 25... h5 $17 26. a4 Rc8) 26. Ne4 $15 Qd4 (26... Qe7 $15) 27. Qb4 $1 $11 Bf7 {[%emt 0:02:50] [#] Strongly threatening ...Ne3.} 28. Nxf6 $1 Kxf6 (28... Qe3 29. Ne4) 29. e4 Be6 30. g4 Rg8 31. Rc2 {[%emt 0:00:30][%cal Of1f2] Dodges Qd2} Qd3 32. Rcf2 Bxc4 $2 (32... Qg3+ $11 33. Kg1 Rd4) 33. g5+ $2 (33. gxf5 g5 $16) (33. exf5 $18 g5 34. Rc1 Bxb5 35. Bf1) 33... Kxg5 $17 {[%emt 0:00:30] Hoping for ...Qg3+.} 34. exf5 {[%emt 0:00:30] Qe7+ is the strong threat.} Kh6 $2 (34... Bxb5 $2 35. fxg6 Qxg6 36. Qxb5 $18) (34... gxf5 $2 35. Qe7+ Kh6 36. Qh4+ Kg7 37. Rxf5 $18) (34... Qd4 $1 $17 {stays on course.} 35. fxg6 hxg6 (35... Bxf1 $2 36. Qe7+ Kh6 37. Qxh7+ Kg5 38. Rxf1 $18) 36. Qe7+ Kh6) 35. Qe7 $2 (35. Rc1 $1 $16 {[%cal Rc1c4] is necessary to keep the advantage.} Rc8 (35... Bxb5 $2 36. Qh4+ Kg7 37. Rc7+ Bd7 38. f6+ Kh8 39. f7 $18) 36. Rd2) 35... Qd4 $19 (35... Bxb5 36. Qh4+ Kg7 37. fxg6 (37. f6+ Kh8 $18) 37... Qxg6 38. Be4 $18) 36. fxg6 {[%emt 0:03:42] [#]} Rxg6 $2 (36... Bxf1 $2 37. Qxh7+ Kg5 38. Rxf1 $18) (36... hxg6 37. Rd2 Qxd2 38. Qh4+ Kg7 39. Qe7+ Kh6 40. Qh4+ Kg7 41. Qe7+ Kh6 $11) (36... Rd7 $1 $19 {[%cal Rd7e7] is more deadly.} 37. Qf6 hxg6 (37... Rxg6 38. Qf8+ Rdg7 39. Rc1 $17)) 37. Rg1 $2 (37. Be4 $17 Bxf1 (37... Qxe4 38. Qxd8 Bxf1 39. Qf8+ Kg5 40. Rxf1 $11) 38. Qh4+ Kg7 39. Qe7+ Kg8 (39... Kh8 40. Rf8+ Rxf8 41. Qxf8+ Rg8 42. Qf6+ Rg7 43. Qf8+ Rg8 44. Qf6+ Rg7 45. Qf8+ Rg8 $11) 40. Qf7+ Kh8 41. Bxg6 hxg6 (41... Bxb5 42. Qxh7#) 42. Rxf1) 37... Qxf2 ({Worse is} 37... Bxb5 38. Rf7 Rh8 39. Rxh7+ Rxh7 40. Qf8+ Rhg7 41. Qh8+ Rh7 42. Qf8+ Rhg7 43. Qh8+ Rh7 44. Qf8+ $11) 38. Qxd8 {[%emt 0:00:21] [#]} Bf1 $1 0-1

[Event "Turkish-ch Youth U16 2024"]
[Site "Belek Antalya"]
[Date "2024.01.26"]
[Round "8"]
[White "Ceyhan, Mert"]
[Black "Cakmak, Kursat Kagan"]
[Result "1-0"]
[ECO "B40"]
[WhiteElo "2020"]
[BlackElo "1707"]
[Annotator "NA RC"]
[PlyCount "67"]
[EventDate "2024.01.21"]
[EventType "swiss"]
[EventCountry "TUR"]
[SourceTitle "playchess.com"]
[Source "ChessBase"]
[SourceQuality "1"]
[TimeControl "5400+30"]

1. e4 c5 2. Nf3 e6 3. g3 Nc6 4. Bg2 Nf6 5. Qe2 d5 6. exd5 {[%emt 0:00:00] B40: Sicilian: 2...e6, Unusual lines.} Nxd5 7. O-O Be7 8. Rd1 $1 O-O 9. d4 cxd4 10. Nxd4 Nxd4 11. Rxd4 Bf6 12. Rd1 Qb6 13. c4 Ne7 14. Nc3 Nf5 15. Ne4 Be7 16. b3 a5 17. Bb2 a4 (17... Qc7 $142) 18. c5 Qc7 19. b4 Bd7 20. Rac1 Bc6 {[%emt 0:02:30] [#]} 21. b5 (21. Nd6 $1 $18) 21... Bd5 (21... a3 $16 22. Bxg7 Nxg7) 22. Qg4 a3 23. Ba1 f6 $2 (23... Rac8 $16 24. b6 Qd8) 24. b6 Qc8 {[%emt 0:01:30] [#]} 25. Nd6 $1 Bxd6 26. cxd6 $18 Bc6 27. d7 Qd8 28. Bxc6 bxc6 29. Rxc6 Qe7 30. Qc4 Kf7 31. b7 Rab8 32. Rc8 Nd6 33. Qc7 Rxb7 34. Rxf8+ 1-0

[Event "Turkish-ch Youth U16 2024"]
[Site "Belek Antalya"]
[Date "2024.01.26"]
[Round "8"]
[White "Cekicoglu, Baris"]
[Black "Tutmaz, Bugra Hamza"]
[Result "1/2-1/2"]
[ECO "E70"]
[WhiteElo "1863"]
[BlackElo "1531"]
[Annotator "NA RC COMBH"]
[PlyCount "58"]
[EventDate "2024.01.21"]
[EventType "swiss"]
[EventCountry "TUR"]
[SourceTitle "playchess.com"]
[Source "ChessBase"]
[SourceQuality "1"]
[TimeControl "5400+30"]

1. c4 Nf6 2. Nc3 g6 3. e4 d6 4. d4 Bg7 5. Bg5 O-O 6. Qd2 c6 7. Bd3 Nfd7 8. Nge2 c5 9. O-O cxd4 10. Nxd4 Nb6 11. Rfe1 Bd7 12. Bf1 Nc6 13. Nxc6 Bxc6 14. Rad1 Re8 $14 15. Nd5 Nd7 16. b3 Nf8 17. e5 Bxd5 18. exd6 Qxd6 19. Qxd5 Qxd5 20. cxd5 f6 21. Bc1 a6 22. Ba3 Kf7 23. Bb4 Bh6 24. g3 Nd7 25. Re6 Bf8 26. Rde1 Ne5 27. Re4 Nf3+ 28. Kg2 Nd4 29. Rxd4 Kg8 1/2-1/2

[Event "Turkish-ch Youth U16 2024"]
[Site "Belek Antalya"]
[Date "2024.01.26"]
[Round "8"]
[White "Yildiz, Elif Zeren"]
[Black "Mutlu, Ezgi"]
[Result "1/2-1/2"]
[ECO "B23"]
[WhiteElo "1767"]
[BlackElo "1556"]
[Annotator "NA RC COMBH"]
[PlyCount "51"]
[EventDate "2024.01.21"]
[EventType "swiss"]
[EventCountry "TUR"]
[SourceTitle "playchess.com"]
[Source "ChessBase"]
[SourceQuality "1"]
[TimeControl "5400+30"]

1. e4 c5 2. Nc3 d6 3. f4 Nc6 4. Nf3 Bg4 5. Be2 g6 6. Nd5 Bg7 7. c3 e6 8. Ne3 Bxf3 9. Bxf3 Nge7 10. O-O O-O 11. d3 Qd7 12. g4 f5 13. Ng2 d5 14. e5 fxg4 15. Bxg4 Nf5 16. Qe1 Nce7 17. b3 b5 18. Ba3 Rfc8 19. Nh4 a5 20. Nxf5 gxf5 21. Bf3 b4 22. Bb2 Rab8 23. c4 d4 24. Kh1 Ng6 25. Bc1 Qe7 26. a4 1/2-1/2

[Event "Turkish-ch Youth U16 2024"]
[Site "Belek Antalya"]
[Date "2024.01.26"]
[Round "8"]
[White "Karadas, Hena"]
[Black "Karatiken, Beray"]
[Result "0-1"]
[ECO "B01"]
[WhiteElo "1631"]
[BlackElo "1391"]
[Annotator "NA RC COMBH"]
[PlyCount "63"]
[EventDate "2024.01.21"]
[EventType "swiss"]
[EventCountry "TUR"]
[SourceTitle "playchess.com"]
[Source "ChessBase"]
[SourceQuality "1"]
[TimeControl "5400+30"]

1. e4 d5 2. exd5 Qxd5 3. Nc3 Qa5 4. d4 c6 5. Nf3 Bf5 6. Be2 e6 7. O-O Nf6 8. h3 Bd6 9. Bd2 Qc7 10. Re1 Nbd7 11. Bc4 O-O-O 12. Qe2 h6 13. Bc1 g5 14. Ne5 Bxe5 15. dxe5 Nd5 16. a4 Nf4 17. Bxf4 gxf4 18. f3 Rhg8 19. Kh2 Rg7 20. a5 Rdg8 21. g4 fxg3+ 22. Kg2 Nf8 23. Bb3 Ng6 24. Ra4 Qe7 25. Qc4 Qg5 26. h4 Qd2+ 27. Qe2 Nf4+ 28. Rxf4 Qxf4 29. Rh1 Rd8 30. Nb1 Qd4 31. a6 b6 32. h5 0-1

[Event "Turkish-ch Youth U16 2024"]
[Site "Belek Antalya"]
[Date "2024.01.26"]
[Round "8"]
[White "Cakir, Mert"]
[Black "Gungor, Cihan Akif"]
[Result "0-1"]
[ECO "C55"]
[WhiteElo "1581"]
[BlackElo "1862"]
[Annotator "NA RC COMBH"]
[PlyCount "86"]
[EventDate "2024.01.21"]
[EventType "swiss"]
[EventCountry "TUR"]
[SourceTitle "playchess.com"]
[Source "ChessBase"]
[SourceQuality "1"]
[TimeControl "5400+30"]

1. e4 e5 2. Nf3 Nc6 3. Bc4 Nf6 4. d3 Be7 5. c3 d5 6. exd5 Nxd5 7. O-O O-O 8. h3 Nb6 9. Bb5 {[%emt 0:04:30] C55: Zweispringerspiel.} Qd5 10. Qb3 Qxb3 11. axb3 f6 12. Re1 Be6 13. Nbd2 Kf7 14. Bxc6 bxc6 15. d4 exd4 16. Nxd4 Bd7 17. c4 a5 18. N2f3 ({Günstiger ist} 18. Ne4 $11) 18... Bd6 (18... c5 $17 19. Nc2 a4 20. bxa4 Bxa4 (20... Rxa4 21. Rxa4 Bxa4 22. Ne3 $15)) 19. Bd2 a4 20. bxa4 Nxc4 21. Bc3 Rfb8 22. b3 {[%emt 0:00:30] [#]} Ne5 (22... Nb6 $1 $17 23. Nd2 Nd5) 23. Nxe5+ Bxe5 24. Re3 $17 (24. b4 $11 {remains equal.}) 24... c5 25. Nf3 Bf4 26. Rd3 Be6 27. Bd2 Bd6 28. a5 Bxb3 29. Re1 Be6 30. Rde3 Bd5 31. Bc3 Re8 32. Rxe8 Rxe8 33. Rxe8 Kxe8 34. Nh4 Be4 35. f3 Bd3 36. Kf2 Kd7 37. Ke3 Bb1 38. g4 Kc6 39. Ng2 Kb5 40. Nf4 Ba2 41. Nd3 Bc4 42. Nb2 Bf7 43. h4 c6 0-1

[Event "Turkish-ch Youth U16 2024"]
[Site "Belek Antalya"]
[Date "2024.01.26"]
[Round "8"]
[White "Tamer, Kayra"]
[Black "Ozgun, Yigit Deniz"]
[Result "1-0"]
[ECO "E62"]
[WhiteElo "1545"]
[BlackElo "1954"]
[Annotator "TA"]
[PlyCount "83"]
[EventDate "2024.01.21"]
[EventType "swiss"]
[EventCountry "TUR"]
[SourceTitle "playchess.com"]
[Source "ChessBase"]
[SourceQuality "1"]
[TimeControl "5400+30"]

1. d4 Nf6 2. c4 g6 3. Nf3 Bg7 4. g3 O-O 5. Bg2 d6 6. O-O Nc6 7. d5 Na5 8. Nfd2 c6 9. Nc3 cxd5 10. cxd5 Bd7 11. b4 Rc8 12. bxa5 {[%emt 0:00:30] [#] Bb2 is the strong threat.} Rxc3 13. Bb2 {[%emt 0:00:30] The position is equal.} Rc5 14. Nb3 Ba4 15. Qd2 Rb5 16. Bd4 Ne8 17. Bxg7 Nxg7 18. Rfb1 Bxb3 (18... b6 $11 {remains equal.}) 19. axb3 $16 {[%emt 0:00:00] Threatens to win with b4.} Rc5 20. b4 Rc8 21. Bh3 {[%emt 0:00:30] Prevents Qd7} f5 22. Qd4 b6 23. axb6 {[%emt 0:02:30] White is more active.} Qxb6 24. Qd3 Nh5 25. Ra6 Qb7 (25... Rc3 $142) 26. e4 $36 {[%emt 0:03:30][%mdl 2048] White is on the roll.} Ng7 27. Bf1 Rc7 28. b5 Rc5 (28... Qc8 $142 29. Rba1 fxe4 30. Qxe4 Qd7) 29. Rba1 $18 fxe4 30. Qxe4 e6 $2 (30... Rc7 31. h4 Qb8) 31. Rxa7 {[%emt 0:01:12] White is clearly winning.} Qxd5 32. Qxd5 exd5 33. b6 Rc2 34. b7 Rb2 {[%emt 0:00:30] Prevents Rb1.} 35. Bg2 Rb5 36. Ra8 {[%emt 0:00:30][%cal Og2d5] Hoping for Bxd5+!} Ne6 37. Rxf8+ Nxf8 {[%emt 0:00:30] [#]} 38. Bxd5+ $1 Kg7 39. Ra8 Nd7 40. Bc6 Rb1+ 41. Kg2 Ne5 42. Be4 {[%emt 0:01:33] Weighted Error Value: White=0.03 (flawless) /Black=0.42.  Mistake:       	---       	Black=4      Inaccurate:     	---       	Black=3      OK:         	White=11    	Black=8      Best:        	White=4     	Black=1} ({Weaker is} 42. b8=B Nxc6 43. Bxd6 h5 $16) 1-0